 Dungeon Crawl Stone Soup version 0.14-a0-1076-gee4852e (webtiles) character file.

155408 Ololoev the Eclecticist (level 17, -4/94 HPs)
             Began as a Deep Elf Conjurer on Nov 23, 2013.
             Was the Champion of Vehumet.
             Slain by Wiglaf
             ... wielding a +4,+2 dwarven battleaxe of distortion
              (51 damage)
             ... on Level 4 of the Swamp on Nov 25, 2013.
             The game lasted 05:22:44 (36200 turns).

Ololoev the Eclecticist (Deep Elf Conjurer)        Turns: 36200, Time: 05:22:44

HP  -4/94        AC 13     Str  9      XL: 17   Next:  4%
MP   2/50        EV 17     Int 27      God: Vehumet [******]
Gold 1971        SH  9     Dex 15      Spells: 14 memorised,  7 levels left

rFire  . . .     SeeInvis .     f - staff of cold
rCold  + . .     Clarity  +     N - +2 leather armour {rN+}
rNeg   + . .     Conserve .     y - +1 buckler
rPois  +         rCorr    .     C - +2 helmet {Int+3}
rElec  .         rRot     .     n - +2 cloak
SustAb . .       Spirit   .     e - +0 pair of gauntlets
rMut   .         Warding  .     L - +0 pair of boots
Saprov . . .     Stasis   .     o - amulet of clarity
                                A - ring of magical power
                                u - ring of poison resistance

@: flying, delayed fireball, quite resistant to hostile enchantments, fairly
stealthy
A: no striking features
a: Renounce Religion, Release Delayed Fireball


You were on level 4 of the Swamp.
You worshipped Vehumet.
Vehumet was exalted by your worship.
You were not hungry.

You visited 5 branches of the dungeon, and saw 30 of its levels.
You also visited: Labyrinth and Ice Cave.

You collected 1971 gold pieces.

Inventory:

Armour
 e - a +0 pair of gauntlets (worn)
 n - a +2 cloak (worn)
 y - a +1 buckler (worn)
 C - a +2 helmet of intelligence (worn)
 L - a +0 pair of boots (worn)
 N - a +2 leather armour of positive energy (worn)
Magical devices
 l - a wand of digging (3)
 r - a wand of teleportation (6)
 V - a wand of digging (10)
Comestibles
 b - 2 meat rations
 j - a sausage
 v - a royal jelly
 w - a bread ration
 E - 3 chunks of swamp worm flesh
 O - 4 cheeses
Scrolls
 c - a scroll of summoning
 h - 3 scrolls of fear
 i - 5 scrolls of recharging
 p - a scroll of enchant weapon I
 q - 7 scrolls of remove curse
 s - 2 scrolls of fog
 D - 2 scrolls of brand weapon
 F - a scroll of teleportation
 J - 2 scrolls of magic mapping
Jewellery
 a - an uncursed ring of positive energy {unknown}
 o - an amulet of clarity (around neck)
 t - an uncursed ring of sustenance
 u - a ring of poison resistance (left hand)
 x - an uncursed ring of protection from fire
 A - a ring of magical power (right hand)
Potions
 k - 2 potions of resistance
 m - a potion of heal wounds
 z - a potion of brilliance
 B - 6 potions of curing
 I - a potion of restore abilities
 P - 4 potions of porridge
Books
 d - a Grand Grimoire {highlevel}

   This book is beyond your current level of understanding.

   Spells                             Type                      Level
   Demonic Horde                      Summoning                    6
   Mass Abjuration                    Summoning                    6
   Haunt                              Necromancy/Summoning         7
   Summon Greater Demon               Summoning                    7
   Malign Gateway                     Summoning/Translocation      7
   Summon Horrible Things             Summoning                    8
Magical staves
 f - an uncursed staff of cold (weapon)
 g - an uncursed staff of earth


   Skills:
 + Level 8.0 Fighting
 - Level 11.2 Dodging
 - Level 2.4 Stealth
 - Level 1.0 Shields
 + Level 20.2 Spellcasting
 - Level 18.0 Conjurations
 - Level 7.0 Charms
 + Level 6.7 Necromancy
 - Level 10.0 Ice Magic
 - Level 5.1 Air Magic


You had 7 spell levels left.
You knew the following spells:

 Your Spells              Type           Power        Failure   Level  Hunger
a - Magic Dart            Conj           ####         0%          1    None
b - Searing Ray           Conj           ######       0%          2    None
c - Iskenderun's Battles  Conj/Chrm      #######.     1%          4    None
d - Iskenderun's Mystic   Conj           #######.     0%          4    None
e - Fulminant Prism       Conj/Hex       ######....   1%          5    None
f - Mephitic Cloud        Conj/Pois/Air  ######..     1%          3    None
g - Regeneration          Chrm/Necr      ######....   1%          3    None
h - Animate Dead          Necr           N/A          1%          4    None
i - Apportation           Tloc           ####......   2%          1    None
j - Flight                Chrm/Air       ######....   1%          3    None
k - Freezing Cloud        Conj/Ice/Air   #######...   1%          6    #......
l - Sublimation of Blood  Necr           ######....   1%          2    None
m - Delayed Fireball      Conj/Fire      N/A          17%         7    ####...
n - Control Teleport      Chrm/Tloc      #####.....   6%          4    None


Dungeon Overview and Level Annotations

Branches:
Dungeon (16/16)            Temple (1/1) D:6             Orc (0/4) D:9
   Lair (8/8) D:10          Swamp (4/5) Lair:4        Snake (0/5) Lair:3
  Slime (0/6) Lair:6       Vaults (0/5) D:15         Depths (1/6) D:16

Altars:
Cheibriados
Elyvilon
Fedhas
Kikubaaqudgha
Makhleb
Nemelex Xobeh
Okawaru
Trog
Vehumet
Yredelemnul
Zin
the Shining One

Shops:
D:7 /   D:16 [

Annotations:
D:6 exclusion: oklob plant
Swamp:4 Wiglaf
Depths:1 Rupert


Message History

Confirm with . or Enter, or press ? or * to list all spells.
Aiming: Magic Dart
Press: ? - help, Shift-Dir - straight line, f/p - Wiglaf
Aim: Wiglaf, wielding a dwarven battleaxe of distortion and wearing a dwarven chain mail (severely wounded, moving very quickly, unusually strong)
The magic dart hits Wiglaf.
Wiglaf is severely wounded.
Your battlesphere fires!
The barrage of energy hits Wiglaf.
Wiglaf is severely wounded.
Your battlesphere is engulfed in freezing vapours.
Your battlesphere is engulfed in freezing vapours.
Found an escape hatch in the ceiling.
Your battlesphere is engulfed in freezing vapours.
Your battlesphere is engulfed in freezing vapours.
Your battlesphere is engulfed in freezing vapours.
The swamp worm bites your battlesphere!
Your battlesphere is destroyed!
Wiglaf hits you with a dwarven battleaxe of distortion!
Ouch! That really hurt!
You die...

≈♣♣. ♣§≈≈..♣ ..≈≈≈♣♣
♣.§≈≈... ♣.≈.≈.≈♣
♣§§≈≈≈≈≈≈ ♣≈≈≈≈≈<≈♣
♣♣§§≈≈≈≈≈..
♣§≈≈≈...♣♣♣♣♣§≈§≈≈≈≈≈≈≈≈
♣≈..≈..>≈.§§.≈§§≈≈≈≈≈≈
♣≈≈≈≈..Z≈≈§§♣≈.≈≈≈≈≈≈
♣♣≈≈q♣..≈≈≈≈%♣≈.≈≈≈≈≈
♣.≈≈@♣♣♣..≈≈≈..≈≈≈≈≈≈
♣≈..≈≈≈.≈...≈≈≈≈.≈≈≈≈≈≈
♣♣..≈≈≈♣≈..≈≈≈≈≈≈≈≈≈≈.≈
♣≈....♣♣?..≈≈≈≈≈≈≈≈...
♣....≈≈≈......§≈≈≈..≈≈
♣≈.≈.♣♣...≈♣♣≈.≈≈≈.♣♣.
♣≈≈≈≈≈≈≈≈≈.♣♣♣..≈≈≈§♣
♣.≈≈≈ ≈≈≈≈≈♣....≈♣≈♣♣
♣.≈≈. ...≈.≈≈≈≈.♣♣♣♣


You could see Wiglaf.

Vanquished Creatures
  Nikola (Swamp:1)
  Kirke (Swamp:1)
  Donald (Swamp:1)
  Louise (Swamp:3)
  Jorgrun (Swamp:3)
  A minotaur (Lab)
  4 vault guards (D:15)
  A fire dragon (D:14)
  11 hydras
  Fannar (Lair:3)
  Harold (D:16)
  Josephine (D:13)
  Nessos (D:11)
  A rakshasa (D:13)
  6 alligators
  An ogre mage (D:12)
  2 very ugly things
  Urug (D:13)
  2 centaur warriors (D:15)
  Nergalle (D:16)
  4 unseen horrors
  2 ice devils (IceCv)
  2 swamp dragons
  4 ice statues (IceCv)
  5 hill giants
  An orc knight (D:16)
  A harpy (shapeshifter) (D:14)
  A giant amoeba (D:15)
  Joseph (D:7)
  A red wasp (Swamp:3)
  An orc sorcerer (D:16)
  A necromancer (IceCv)
  2 griffons
  3 cyclopes
  4 black mambas
  An eye of devastation (D:16)
  A feature mimic (D:13)
  A queen ant (Lair:8)
  14 spiny frogs
  An efreet (D:15)
  4 komodo dragons
  2 fire drakes
  Grinder (D:4)
  2 giant leeches
  3 naga magi
  A hydra zombie (D:8)
  Sonja (D:14)
  8 trolls
  A red devil (D:16)
  2 queen bees
  A wandering mushroom (D:15)
  3 two-headed ogres
  23 blink frogs
  24 slime creatures
  6 bog bodies
  A grizzly bear (Lair:5)
  A griffon zombie (D:13)
  2 basilisks
  A vampire (D:13)
  2 fire dragon skeletons (D:14)
  33 yaks
  7 sharks
  27 ugly things
  2 hill giant zombies
  3 elephant slugs
  4 shadows
  A hog (Swamp:1)
  2 wyverns (D:15)
  2 hungry ghosts
  Eustachio (D:6)
  2 humans (Swamp:1)
  2 hill giant skeletons (D:13)
  Grum (D:12)
  25 vampire mosquitoes
  9 wolves
  Edmund (D:9)
  Menkaure (D:6)
  8 hippogriffs
  7 soldier ants
  A mottled dragon (D:14)
  5 porcupines
  37 swamp worms
  An orange crystal statue (D:10)
  2 manticores
  7 swamp drakes
  A necrophage (D:11)
  A kobold demonologist (D:16)
  15 orc warriors
  12 ice beasts
  3 black bears
  A phantom (D:11)
  A fulminant prism (D:12)
  19 ogres
  22 centaurs
  6 giant goldfish
  10 crocodiles
  A vampire mosquito zombie (D:15)
  3 boring beetles
  A warg (D:16)
  11 giant slugs
  27 giant frogs
  2 brain worms
  A wyvern zombie (D:12)
  A komodo dragon zombie (D:13)
  10 water moccasins
  3 agate snails
  A big kobold (D:14)
  2 cyclops zombies (D:15)
  2 cyclops skeletons
  A boulder beetle zombie (D:15)
  9 jellyfish
  A rock worm zombie (D:16)
  A giant goldfish zombie (D:6)
  25 insubstantial wisps
  65 killer bees
  8 wights
  2 eyes of draining
  A wolf zombie (Lair:8)
  3 pulsating lumps (Lair:6)
  2 hippogriff skeletons
  10 electric eels
  2 jellies
  A black bear zombie (D:10)
  A centaur skeleton (D:5)
  16 big fish
  4 draconian simulacra (IceCv)
  2 giant frog zombies
  4 goliath beetles
  2 soldier ant zombies
  A two-headed ogre zombie (D:16)
  Crazy Yiuf (D:2)
  9 orc priests
  11 crimson imps
  13 hounds
  A giant frog skeleton (D:8)
  A gnoll shaman (D:6)
  A human skeleton (Swamp:1)
  14 orc wizards
  9 iguanas
  9 orange rats (Lair:2)
  A spectral orc (D:16)
  20 worker ants
  5 scorpions
  A troll simulacrum (IceCv)
  2 centaur simulacra (IceCv)
  3 ogre zombies (D:16)
  4 killer bee zombies (Lair:7)
  2 brain worm zombies
  A mottled dragon zombie (D:13)
  7 sheep
  A mottled dragon skeleton (D:14)
  A boggart (D:15)
  A hound zombie (D:6)
  A mummy (D:10)
  A hound skeleton (D:9)
  13 gnolls
  72 green rats
  A big fish zombie (D:6)
  An ogre simulacrum (IceCv)
  10 giant centipedes
  A giant mite (D:2)
  28 adders
  An inept feature mimic (D:10)
  6 worms
  2 naga simulacra (IceCv)
  A shadow imp (D:6)
  An ufetubus (D:6)
  A sheep zombie (Lair:8)
  An adder skeleton (D:4)
  An adder zombie (D:9)
  A giant centipede zombie (D:12)
  2 grey rats (Lair:2)
  An iguana skeleton (D:6)
  5 giant eyeballs
  13 giant geckos
  51 orcs
  A ball python (D:6)
  24 bats
  14 goblins
  19 hobgoblins
  22 jackals
  13 quokkas
  6 giant cockroaches
  4 giant newts
  4 giant spores
  A hobgoblin skeleton (D:8)
  2 illusory rakshasas (D:13)
  25 kobolds
  A kobold skeleton (D:4)
  29 rats
  11 ballistomycetes
  3 fungi
  14 plants
1214 creatures vanquished.

Vanquished Creatures (collateral kills)
  An ogre mage (D:16)
  3 hill giants
  3 oklob plants (Lair:7)
  A cyclops (D:15)
  3 spiny frogs (Lair:8)
  A hydra zombie (D:14)
  A giant leech (Lair:8)
  2 slime creatures
  2 blink frogs (Lair:8)
  2 sharks (Lair:8)
  2 vampire mosquitoes (Lair:8)
  A hippogriff (Lair:8)
  3 wolves
  A porcupine (Lair:5)
  A swamp worm (Swamp:3)
  A sky beast (D:12)
  A crocodile (Lair:8)
  An electric eel (Lair:8)
  A giant slug (Lair:8)
  7 giant frogs
  A water moccasin (Lair:8)
  2 agate snails
  4 killer bees
  5 jellyfish (Lair:8)
  3 big fish (Lair:8)
  A spectral orc (D:16)
  8 worker ants (Lair:8)
  8 sheep
  A big kobold zombie (D:14)
  2 adders
  A ballistomycete (D:15)
  A bush (Lair:8)
  4 fungi (Lair:7)
  4 plants (Lair:8)
83 creatures vanquished.

Vanquished Creatures (others)
  A centaur zombie (D:15)
  3 humans (Swamp:1)
  A griffon skeleton (Lair:8)
  A hill giant zombie (D:14)
  A hill giant skeleton (D:14)
  3 spiny frog zombies (Lair:8)
  4 blink frog zombies (Lair:8)
  5 vampire mosquito zombies
  A hog skeleton (Swamp:1)
  A giant slug zombie (Lair:8)
  A wyvern zombie (D:15)
  A komodo dragon skeleton (D:13)
  A shark zombie (Lair:8)
  2 yak zombies (Lair:4)
  A wolf zombie (Lair:8)
  133 fulminant prisms
  4 giant frog zombies (Lair:8)
  A two-headed ogre skeleton (D:14)
  A giant frog skeleton (Lair:8)
  13 killer bee zombies
  2 ogre zombies (D:12)
  A mottled dragon skeleton (D:14)
  An adder zombie (Lair:8)
  A sheep zombie (Lair:8)
  A giant centipede zombie (D:15)
  3 green rat zombies (Lair:8)
  8 fungi
  14 plants
210 creatures vanquished.

Grand Total: 1507 creatures vanquished

Notes
Turn   | Place    | Note
--------------------------------------------------------------
     0 | D:1      | Ololoev, the Deep Elf Conjurer, began the quest for the Orb.
     0 | D:1      | Reached XP level 1. HP: 10/10 MP: 4/4
   157 | D:1      | Reached XP level 2. HP: 15/15 MP: 3/7
   317 | D:1      | Learned a level 2 spell: Searing Ray
   818 | D:1      | Reached XP level 3. HP: 13/19 MP: 9/11
  1481 | D:2      | Reached skill level 5 in Spellcasting
  1647 | D:2      | Reached XP level 4. HP: 24/24 MP: 10/15
  1906 | D:2      | Learned a level 4 spell: Iskenderun's Battlesphere
  1954 | D:2      | Noticed Crazy Yiuf
  1959 | D:2      | Killed Crazy Yiuf
  1959 | D:2      | Reached skill level 6 in Spellcasting
  2622 | D:3      | Reached XP level 5. HP: 28/28 MP: 19/19
  2695 | D:3      | Reached skill level 1 in Charms
  3364 | D:4      | Noticed an ogre
  3371 | D:4      | Killed an ogre
  3371 | D:4      | Reached skill level 7 in Spellcasting
  3371 | D:4      | Reached XP level 6. HP: 32/32 MP: 21/21
  3588 | D:4      | Reached skill level 5 in Conjurations
  3926 | D:4      | Noticed Grinder
  3947 | D:4      | Killed Grinder
  3947 | D:4      | Reached skill level 5 in Charms
  3947 | D:4      | Reached XP level 7. HP: 36/36 MP: 8/23
  4120 | D:4      | Found a snail-covered altar of Cheibriados.
  4215 | D:5      | Entered Level 5 of the Dungeon
  4497 | D:5      | Learned a level 4 spell: Iskenderun's Mystic Blast
  5235 | D:5      | Reached XP level 8. HP: 41/41 MP: 25/25
  5456 | D:5      | Reached skill level 8 in Spellcasting
  5659 | D:6      | Found a staircase to the Ecumenical Temple.
  5667 | Temple   | Entered the Ecumenical Temple
  5691 | Temple   | Became a worshipper of Vehumet
  5714 | D:6      | Noticed Eustachio
  5721 | D:6      | Killed Eustachio
  5721 | D:6      | Reached skill level 9 in Spellcasting
  5831 | D:6      | Found a bloodstained altar of Trog.
  6083 | D:6      | Acquired Vehumet's first power
  6083 | D:6      | Offered knowledge of Sandblast by Vehumet.
  6086 | D:6      | Reached skill level 10 in Spellcasting
  6390 | D:6      | Found an iron altar of Okawaru.
  6391 | D:6      | Noticed an oklob plant
  6400 | D:6      | Learned a level 5 spell: Fulminant Prism
  6410 | D:6      | Reached XP level 9. HP: 28/45 MP: 26/29
  6482 | D:6      | Found a glowing golden altar of the Shining One.
  6814 | D:6      | Found a basalt altar of Yredelemnul.
  6889 | D:6      | Noticed Menkaure
  6893 | D:6      | Killed Menkaure
  7242 | D:7      | Offered knowledge of Sting by Vehumet.
  7242 | D:7      | Reached skill level 11 in Spellcasting
  7242 | D:7      | Reached skill level 10 in Conjurations
  7275 | D:7      | Noticed Joseph
  7281 | D:7      | Killed Joseph
  7581 | D:7      | Found Yddiora's Magical Wand Shop.
  7870 | D:8      | Reached skill level 12 in Spellcasting
  8388 | D:8      | Reached XP level 10. HP: 50/50 MP: 31/31
  8934 | D:9      | Offered knowledge of Inner Flame by Vehumet.
  9250 | D:9      | Reached skill level 13 in Spellcasting
  9385 | D:9      | Acquired Vehumet's second power
  9576 | D:9      | Found a staircase to the Orcish Mines.
  9783 | D:9      | Noticed Edmund
  9787 | D:9      | Killed Edmund
  9943 | D:10     | Entered Level 10 of the Dungeon
  9945 | D:10     | Offered knowledge of Mephitic Cloud by Vehumet.
  9952 | D:10     | Learned a level 3 spell: Mephitic Cloud
 10577 | D:10     | Reached skill level 14 in Spellcasting
 10747 | D:10     | Learned a level 3 spell: Regeneration
 10752 | D:10     | Learned a level 4 spell: Animate Dead
 10895 | D:10     | Reached skill level 1 in Necromancy
 10989 | D:10     | Acquired Vehumet's third power
 10997 | D:10     | Found a staircase to the Lair.
 11023 | Lair:1   | Entered Level 1 of the Lair of Beasts
 11075 | Lair:1   | Offered knowledge of Force Lance by Vehumet.
 11110 | Lair:1   | Found a frozen archway.
 11126 | Lair:1   | Reached XP level 11. HP: 49/54 MP: 17/34
 11269 | IceCv    | Entered an ice cave
 11326 | IceCv    | Noticed an ice devil
 11331 | IceCv    | Killed an ice devil
 11371 | IceCv    | Noticed an ice statue
 11371 | IceCv    | Noticed an ice statue
 11550 | IceCv    | Killed an ice statue
 11674 | IceCv    | Killed an ice statue
 11674 | IceCv    | Reached skill level 5 in Necromancy
 11882 | IceCv    | Noticed a necromancer
 11883 | IceCv    | Killed a necromancer
 11985 | IceCv    | Noticed an ice devil
 11989 | IceCv    | Killed an ice devil
 12181 | IceCv    | Noticed an ice statue
 12191 | IceCv    | Noticed an ice statue
 12237 | IceCv    | Killed an ice statue
 12296 | IceCv    | Killed an ice statue
 12515 | IceCv    | Got a polished fire dragon armour
 12529 | IceCv    | Identified the +4 fire dragon armour "Ujyzuv" {rF++ rC- Str+2 Dex+1} (You found it in an ice cave)
 12765 | Lair:1   | Noticed a black mamba
 12771 | Lair:1   | Killed a black mamba
 13086 | Lair:1   | Offered knowledge of Lightning Bolt by Vehumet.
 13814 | Lair:2   | Reached skill level 15 in Spellcasting
 14382 | Lair:2   | Reached XP level 12. HP: 52/59 MP: 21/36
 14402 | Lair:2   | Offered knowledge of Throw Icicle by Vehumet.
 15170 | Lair:2   | Reached skill level 15 in Conjurations
 15399 | Lair:3   | Reached skill level 16 in Spellcasting
 15406 | Lair:3   | Noticed Fannar
 15419 | Lair:3   | Killed Fannar
 16408 | Lair:3   | Learned a level 1 spell: Apportation
 16528 | Lair:3   | Found a staircase to the Snake Pit.
 17248 | Lair:4   | Found a staircase to the Swamp.
 17348 | Lair:4   | Reached skill level 17 in Spellcasting
 17350 | Lair:4   | Offered knowledge of Bolt of Draining by Vehumet.
 17581 | Lair:4   | Noticed a five-headed hydra
 17588 | Lair:4   | Killed a five-headed hydra
 18900 | Lair:5   | Reached XP level 13. HP: 43/63 MP: 38/38
 19733 | Lair:5   | Found a white marble altar of Elyvilon.
 20287 | Lair:6   | Identified a +2 rod of venom (10/10) (You found it on level 6 of the Lair of Beasts)
 20342 | Lair:6   | Found a staircase to the Slime Pits.
 20907 | Lair:7   | Offered knowledge of Bolt of Cold by Vehumet.
 20910 | Lair:7   | Reached skill level 18 in Spellcasting
 21988 | Lair:8   | Entered Level 8 of the Lair of Beasts
 23006 | Lair:8   | Found a glowing silver altar of Zin.
 23027 | Lair:8   | Learned a level 3 spell: Flight
 23046 | Lair:8   | Reached skill level 19 in Spellcasting
 24480 | D:11     | Paralysed by a giant eyeball for 4 turns
 24517 | D:11     | Offered knowledge of Freezing Cloud by Vehumet.
 24525 | D:11     | Learned a level 6 spell: Freezing Cloud
 24829 | D:11     | Reached skill level 1 in Shields
 24888 | D:11     | Reached XP level 14. HP: 68/68 MP: 39/39
 24952 | D:11     | Reached skill level 1 in Ice Magic
 25007 | D:11     | Noticed Nessos
 25012 | D:11     | Killed Nessos
 25012 | D:11     | Reached skill level 1 in Air Magic
 25422 | D:12     | Learned a level 2 spell: Sublimation of Blood
 25668 | D:12     | Noticed Grum
 25741 | D:12     | Killed Grum
 26110 | D:12     | Got a fine falchion
 26111 | D:12     | Identified the +4,+6 falchion "Bung" {speed, Hunger rC+ Str-2} (You found it on level 12 of the Dungeon)
 26111 | D:12     | Identified the +4,+6 falchion "Bung" {speed, Hunger rC+ Str-2} (You found it on level 12 of the Dungeon)
 27255 | D:13     | Noticed Josephine
 27258 | D:13     | Killed Josephine
 27269 | D:13     | Got a bloodstained falchion
 27270 | D:13     | Identified the +2,+4 falchion of Xom's Castigation {pain, Hunger rC+ rN+} (You found it on level 13 of the Dungeon)
 27270 | D:13     | Identified the +2,+4 falchion of Xom's Castigation {pain, Hunger rC+ rN+} (You found it on level 13 of the Dungeon)
 27449 | D:13     | Offered knowledge of Conjure Ball Lightning by Vehumet.
 27591 | D:13     | Noticed Urug
 27611 | D:13     | Killed Urug
 27611 | D:13     | Reached skill level 5 in Ice Magic
 27611 | D:13     | Reached skill level 5 in Air Magic
 29207 | D:14     | Noticed Sonja
 29215 | D:14     | Killed Sonja
 29637 | D:15     | Entered Level 15 of the Dungeon
 29637 | D:15     | Found a labyrinth entrance.
 29646 | Lab      | Entered a labyrinth
 29844 | Lab      | Identified the Grimoire of Yeast
 29896 | D:15     | Reached skill level 20 in Spellcasting
 29896 | D:15     | Reached XP level 15. HP: 72/72 MP: 38/41
 30168 | D:15     | Reached skill level 10 in Ice Magic
 30280 | D:15     | Reached skill level 1 in Fighting
 30313 | D:15     | Offered knowledge of Delayed Fireball by Vehumet.
 30322 | D:15     | Learned a level 7 spell: Delayed Fireball
 30361 | D:15     | Found a gate to the Vaults.
 30370 | D:15     | Reached XP level 16. HP: 60/79 MP: 33/41
 30489 | D:15     | Reached skill level 5 in Dodging
 31049 | D:16     | Entered Level 16 of the Dungeon
 31049 | D:16     | Found Alotilodgh's Armour Shop.
 31126 | D:16     | Noticed Harold
 31130 | D:16     | Killed Harold
 31503 | D:16     | Found a staircase to the Depths.
 31578 | Depths:1 | Entered Level 1 of the Depths
 31578 | Depths:1 | Noticed Rupert
 31638 | D:16     | Noticed Nergalle
 31647 | D:16     | Killed Nergalle
 31702 | D:16     | Found an ancient bone altar of Kikubaaqudgha.
 32010 | D:16     | Offered knowledge of Lehudib's Crystal Spear by Vehumet.
 32010 | D:16     | Offered knowledge of Shatter by Vehumet.
 32010 | D:16     | Offered knowledge of Chain Lightning by Vehumet.
 32279 | D:16     | Reached skill level 5 in Fighting
 32802 | Lair:1   | Learned a level 4 spell: Control Teleport
 32947 | Swamp:1  | Entered Level 1 of the Swamp
 32980 | Swamp:1  | Noticed Kirke
 32987 | Swamp:1  | Killed Kirke
 32989 | Swamp:1  | Upgraded the game from 0.14-a0-1029-g9530a8b to 0.14-a0-1036-g6cac21b
 33357 | Swamp:1  | Noticed Nikola
 33364 | Swamp:1  | Noticed Donald
 33975 | Swamp:1  | Killed Donald
 34315 | Swamp:1  | Killed Nikola
 34718 | Swamp:2  | Reached skill level 10 in Dodging
 35094 | Swamp:3  | Noticed Louise
 35105 | Swamp:3  | Killed Louise
 35393 | Swamp:3  | Noticed Jorgrun
 35403 | Swamp:3  | Killed Jorgrun
 35872 | Swamp:3  | Upgraded the game from 0.14-a0-1036-g6cac21b to 0.14-a0-1076-gee4852e
 35952 | Swamp:3  | Reached XP level 17. HP: 72/93 MP: 34/42
 36168 | Swamp:4  | Noticed Wiglaf
 36200 | Swamp:4  | Slain by Wiglaf

Action                   |  1- 3 |  4- 6 |  7- 9 | 10-12 | 13-15 | 16-18 || total
-------------------------+-------+-------+-------+-------+-------+-------++-------
Melee: Whip              |    26 |       |       |       |       |       ||    26
       Staff             |       |       |       |     2 |     1 |     2 ||     5
       Rod               |       |       |       |       |     9 |       ||     9
 Cast: Magic Dart        |    51 |    79 |   156 |   354 |   313 |   156 ||  1109
       Searing Ray       |     3 |    15 |    41 |    78 |    94 |    28 ||   259
       Iskenderun's Batt |       |     5 |    31 |   138 |   139 |   102 ||   415
       Iskenderun's Myst |       |       |    26 |   133 |   186 |   181 ||   526
       Fulminant Prism   |       |       |     6 |    75 |    39 |    14 ||   134
       Animate Dead      |       |       |       |     1 |    23 |    11 ||    35
       Regeneration      |       |       |       |       |    15 |    23 ||    38
       Freezing Cloud    |       |       |       |       |    38 |    54 ||    92
       Sublimation of Bl |       |       |       |       |    47 |    49 ||    96
       Flight            |       |       |       |       |     4 |    16 ||    20
       Mephitic Cloud    |       |       |       |       |     3 |       ||     3
       Delayed Fireball  |       |       |       |       |     1 |     2 ||     3
       Control Teleport  |       |       |       |       |       |     8 ||     8
 Abil: Release Delayed F |       |       |       |       |       |     2 ||     2
Evoke: Wand              |       |       |     4 |     5 |     6 |     3 ||    18
       Rod               |       |       |       |       |     1 |       ||     1
  Use: Scroll            |       |     2 |    13 |     9 |    14 |     4 ||    42
       Potion            |       |     2 |     3 |     3 |     2 |    10 ||    20
 Stab: Distracted        |       |       |       |       |     1 |       ||     1
